 Dungeon Crawl Stone Soup version 0.25-a0-875-geaba134f46 (webtiles) character file.

Game seed: 1845964548626684542, levelgen mode: deterministic

340 Error4North the Covered (level 6, -6/53 HPs)
             Began as a Hill Orc Fighter on May 1, 2020.
             Mangled by an ogre
             ... wielding a +0 giant spiked club
              (7 damage)
             ... on level 4 of the Dungeon.
             The game lasted 00:06:40 (2726 turns).

Error4North the Covered (Hill Orc Fighter)          Turns: 2726, Time: 00:06:40

Health: -6/53      AC: 11    Str: 24    XL:     6   Next: 56%
Magic:  6/6        EV:  6    Int:  8    God:
Gold:   164        SH: 10    Dex: 10    Spells: 5/5 levels left

rFire    . . .     SeeInvis .   a - +0 war axe
rCold    . . .     Gourm    .   c - +0 kite shield
rNeg     . . .     Faith    .   n - +0 chain mail
rPois    .         Spirit   .   j - +0 helmet
rElec    .         Reflect  .   (no cloak)
rCorr    .         Harm     .   (no gloves)
MR       .....                  (no boots)
Stlth    ..........             (no amulet)
HPRegen  0.17/turn              l - +3 ring of strength
MPRegen  0.10/turn              (no ring)

@: stab, flying, hasted, very quick
A: no striking features
a: no special abilities


You were on level 4 of the Dungeon.
You were not hungry.

You visited 1 branch of the dungeon, and saw 4 of its levels.

You collected 164 gold pieces.

Inventory:

Hand Weapons
 a - a +0 war axe (weapon)
Armour
 c - a +0 kite shield (worn)
 j - a +0 helmet (worn)
 n - a +0 chain mail (worn)
Jewellery
 l - a +3 ring of strength (left hand)
Wands
 q - a wand of flame (12)
Scrolls
 e - 3 scrolls of identify
 g - 5 scrolls of remove curse {unknown}
 i - a scroll of blinking {unknown}
 k - 2 scrolls of teleportation {unknown}
Potions
 b - 2 potions of curing {unknown}
 o - a potion of stabbing
Comestibles
 f - 4 rations
 r - 2 chunks of flesh


   Skills:
 * Level 4.5 Fighting
 + Level 4.8 Axes
 * Level 5.2 Armour
 + Level 0.4 Dodging
 * Level 5.0 Shields


You had 5 spell levels left.
You didn't know any spells.
Your spell library contained the following spells:

 Spells                   Type           Power        Failure   Level  Hunger
 Summon Small Mammal      Summ           #...         100%        1    ##.....
 Call Imp                 Summ           #.......     100%        2    ###....
 Call Canine Familiar     Summ           #.......     100%        3    ####...
 Summon Guardian Golem    Hex/Summ       #.......     100%        3    ####...
 Summon Ice Beast         Ice/Summ       #.......     100%        4    #####..
 Summon Lightning Spire   Summ/Air       #.......     100%        4    #####..


Dungeon Overview and Level Annotations

Branches:
Dungeon (4/15)
 Temple: D:4-7

Altars:
Elyvilon
Hepliaklqana
Xom
Zin


Message History

The ogre hits you with a +0 giant spiked club!
You closely miss the ogre. The ogre hits you but does no damage.
You barely miss the ogre.
The ogre hits you with a +0 giant spiked club!
Sorry, you're not good enough to have a special ability.
Your chain mail prevents you from hitting the ogre.
The ogre barely misses you.
It was a potion of flight.
You feel very buoyant.
You fly up into the air.
You hit the ogre.
The ogre is lightly wounded.
The ogre hits you with a +0 giant spiked club!!
* * * LOW HITPOINT WARNING * * *
It was a potion of stabbing.
You feel ready to backstab. You block the ogre's attack.
It was a potion of haste.
You feel yourself speed up.
The ogre hits you with a +0 giant spiked club!
You die...

.##.. #..#.. ########.....
########...##.....##
#..................#.
#####'#####..............
#.........#..##......#.
#.8..8..8.#####..รท...###.
#.......@.# ##.).......
##+##+##O## #........##
l#######.......... #.
#.#............ .#
#....#.......#. ..
#.####.......# ##
#...(..........
#...#..........
#...#(.##......


You could see an ogre and an iguana.

Vanquished Creatures
  Sigmund (D:4)
  Ijyb (D:3)
  8 adders
  An ooze (D:3)
  2 adder skeletons (D:2)
  An adder zombie (D:2)
  2 worms (D:2)
  A leopard gecko (D:1)
  An orc (D:4)
  2 ball pythons
  4 bats
  3 giant cockroaches
  10 goblins
  13 hobgoblins
  6 jackals (D:3)
  A quokka (D:2)
  2 frilled lizards
  6 kobolds
  A leopard gecko zombie (D:2)
  9 rats
75 creatures vanquished.

Notes
Turn   | Place    | Note
-------+----------+-------------------------------------------
     0 | D:1      | Error4North the Hill Orc Fighter began the quest for the
                  | Orb.
     0 | D:1      | Reached XP level 1. HP: 19/19 MP: 1/1
   180 | D:1      | Reached XP level 2. HP: 26/27 MP: 2/2
   639 | D:2      | Reached XP level 3. HP: 29/33 MP: 3/3
   817 | D:2      | Reached XP level 4. HP: 28/40 MP: 4/4
  1097 | D:2      | Found a glowing silver altar of Zin.
  1098 | D:2      | Noticed an angel
  1696 | D:3      | Found a white marble altar of Elyvilon.
  1698 | D:3      | Found a hazy altar of Hepliaklqana.
  1847 | D:3      | Reached XP level 5. HP: 45/46 MP: 5/5
  1884 | D:3      | Noticed Ijyb
  1909 | D:3      | Killed Ijyb
  2382 | D:3      | Found a shimmering altar of Xom.
  2511 | D:4      | Reached skill level 5 in Armour
  2529 | D:4      | Noticed Sigmund
  2585 | D:4      | Killed Sigmund
  2585 | D:4      | Reached skill level 5 in Shields
  2585 | D:4      | Reached XP level 6. HP: 33/53 MP: 6/6
  2724 | D:4      | HP: 1/53 [ogre/+0 giant spiked club (25)]
  2726 | D:4      | Mangled by an ogre

Levels and vault maps discovered:
D:1:      beargit_arrival_greenhouse, layout_basic
D:2:      layout_rooms, zin_angel, serial_undead, serial_undead_a,
          serial_undead_c, serial_undead_e, serial_undead_b, serial_undead_c,
          minivault_24
D:3:      layout_loops_corners, tgw_xom,
          chequers_temple_overflow_statue_of_worship,
          chequers_serial_rivers_micro_d, minmay_between, uniq_ijyb
D:4:      minmay_chambers_of_threes, layout_cave_pools, kennysheep_slug_shrine,
          first_ration, mrwooster_statue_mirror, uniq_pikel, uniq_sigmund

Skill      XL: |  1  2  3  4  5 |
---------------+----------------+-----
Armour         | 4 5 |  5.2
Axes           | 3 4 |  4.8
Fighting       | 4 |  4.5
Shields        | 5 |  5.0
Dodging        | |  0.4

Action                   |  1- 3 |  4- 6 || total
-------------------------+-------+-------++-------
Melee: War axe           |    82 |   215 ||   297
  Use: Scroll            |       |     1 ||     1
       Potion            |       |     5 ||     5
  Eat: Chunk             |       |     7 ||     7
Armor: Scale mail        |    34 |     7 ||    41
       Chain mail        |       |   105 ||   105
       Skin              |       |    18 ||    18
Dodge: Dodged            |    24 |    55 ||    79
Block: Kite shield       |    42 |   124 ||   166

Table legend:
 A = Non-vault XP
 B = Vault XP
 C = Vault XP percentage of total XP
 D = Non-vault monster count
 E = Vault monster count
 F = Vault count percentage of total count
                 A         B        C        D         E       F
            +---------+---------+-------+---------+---------+-------
      Total |     195 |     292 |  60.0 |      60 |      15 |  20.0
            +---------+---------+-------+---------+---------+-------
        D:1 |      23 |       0 |   0.0 |      13 |       0 |   0.0
        D:2 |      59 |      16 |  21.3 |      19 |       4 |  17.4
        D:3 |      96 |      64 |  40.0 |      25 |      10 |  28.6
        D:4 |      17 |     212 |  92.6 |       3 |       1 |  25.0
            +---------+---------+-------+---------+---------+-------
